 Dungeon Crawl Stone Soup version 0.20.0-10-g0535bb4 (webtiles) character file.

630 MTVSty1e the Cleaver (level 7, 0/57 HPs)
             Began as a Minotaur Fighter on June 4, 2017.
             Succumbed to newuser's ghost's poison
             ... on level 5 of the Dungeon.
             The game lasted 00:05:41 (2908 turns).

MTVSty1e the Cleaver (Minotaur Fighter)             Turns: 2908, Time: 00:05:42

Health: 0/57       AC: 10    Str: 27    XL:     7   Next: 24%
Magic:  6/6        EV:  7    Int:  5    God:
Gold:   181        SH: 10    Dex: 10    Spells: 6/6 levels left

rFire    . . .     SeeInvis .   a - +1 war axe
rCold    . . .     Gourm    .   c - +0 shield
rNeg     . . .     Faith    .   b - +0 scale mail
rPois    .         Spirit   .   (helmet restricted)
rElec    .         Reflect  .   r - +2 cloak
rCorr    .         Harm     .   (no gloves)
MR       .....                  (no boots)
Stlth    ..........             (no amulet)
Regen    0.2/turn               (no ring)
MPRegen  0.1/turn               m - ring of flight

@: mighty, lethally poisoned (0 -> -7), very slightly contaminated
A: retaliatory headbutt, horns 2, frail 1, evolution 1
a: Evoke Flight


You were on level 5 of the Dungeon.
You were not hungry.

You visited 1 branch of the dungeon, and saw 5 of its levels.

You collected 211 gold pieces.
You spent 30 gold pieces at shops.

Inventory:

Hand Weapons
 a - a +1 war axe (weapon)
Armour
 b - a +0 scale mail (worn)
 c - a +0 shield (worn)
 r - a +2 cloak (worn)
Jewellery
 m - a ring of flight (right hand)
Scrolls
 e - 4 scrolls of remove curse
 k - a scroll of enchant armour
 o - a scroll of teleportation
 s - a scroll of enchant weapon
Potions
 h - 2 potions of lignification
 i - a potion of ambrosia
 l - a potion of brilliance
 p - 2 potions of flight
 q - 3 potions of might
Comestibles
 f - a bread ration
 g - 4 royal jellies


   Skills:
 + Level 6.4 Fighting
 * Level 8.1 Axes
 - Level 3.6 Armour
 - Level 3.6 Shields


You had 6 spell levels left.
You didn't know any spells.

Dungeon Overview and Level Annotations

Branches:
Dungeon (5/15)
 Temple: D:4-7

Altars:
Hepliaklqana
Nemelex Xobeh
Qazlal
Trog
Xom
Yredelemnul
The Shining One

Shops:
D:4 *

Annotations:
D:5 newuser's ghost, novice OgEE


Innate Abilities, Weirdness & Mutations

You reflexively headbutt those who attack you in melee.
You have a pair of horns on your head.
You are frail. (-10% HP)
You evolve.


Message History

You feel sick.
Newuser's ghost points at you and mumbles some strange words.
The blast of sand hits you!
The ice beast hits you but does no damage.
You slice newuser's ghost!!
Newuser's ghost is heavily damaged.
You hit the ice beast.
You feel yourself speed up.
* * * LOW HITPOINT WARNING * * *
You feel sick. Newuser's ghost casts a spell at you.
The blast of sand misses you. The ice beast barely misses you.
You furiously retaliate!
You headbutt the ice beast!
You kill the ice beast!
Your Axes skill increases to level 8!
Newuser's ghost hits you but does no damage.
You are more poisoned.
You closely miss newuser's ghost.
Newuser's ghost is heavily damaged.
You die...

..[......###
...........## ## #.
............##..# ##..
.............#..###...
......................##
.............#..# .....#
......)))...#..# #...
......W@......# #..
###.......##..# ##..
####(..###..## #...
##### #...######...
#.....§§##..#
##....§.§§§.#
#...§§§§§§.#
#....§§§§§..
#...(.§§§§..


You could see newuser's ghost.

Vanquished Creatures
  Menkaure (D:4)
  An ice beast (D:5)
  A scorpion (D:4)
  A hound (D:4)
  2 orc priests
  An orc wizard (D:5)
  A bullfrog skeleton (D:4)
  A worker ant (D:4)
  4 gnolls (D:2)
  7 adders
  3 oozes
  2 worms
  A dart slug (D:3)
  A leopard gecko (D:4)
  10 orcs
  A ball python (D:4)
  A giant cockroach (D:3)
  A goblin (D:1)
  5 hobgoblins
  8 jackals
  A quokka (D:4)
  8 bats
  A frilled lizard (D:4)
  7 kobolds
  A quokka skeleton (D:4)
  10 rats
81 creatures vanquished.

Notes
Turn   | Place    | Note
-------+----------+-------------------------------------------
     0 | D:1      | MTVSty1e the Minotaur Fighter began the quest for the Orb.
     0 | D:1      | Reached XP level 1. HP: 19/19 MP: 0/0
   174 | D:1      | Reached skill level 3 in Axes
   174 | D:1      | Reached XP level 2. HP: 24/27 MP: 1/1
   626 | D:2      | Reached XP level 3. HP: 32/33 MP: 2/2
   778 | D:2      | Reached skill level 4 in Axes
   904 | D:2      | Reached XP level 4. HP: 17/41 MP: 3/3
   906 | D:2      | HP: 1/41 [gnoll/spear (5)]
  1288 | D:2      | Found a hazy altar of Hepliaklqana.
  1293 | D:2      | Found a glowing golden altar of the Shining One.
  1296 | D:2      | Found a shimmering altar of Xom.
  1297 | D:2      | Found a basalt altar of Yredelemnul.
  1357 | D:3      | Reached skill level 5 in Axes
  1543 | D:3      | Reached XP level 5. HP: 44/47 MP: 4/4
  1549 | D:3      | Reached skill level 5 in Fighting
  1604 | D:3      | Found a sparkling altar of Nemelex Xobeh.
  1640 | D:3      | Found a bloodstained altar of Trog.
  1907 | D:4      | Reached skill level 6 in Axes
  2043 | D:4      | Found Nedosh's General Store.
  2046 | D:4      | Bought a potion of flight for 30 gold pieces
  2319 | D:4      | Reached XP level 6. HP: 53/56 MP: 5/5
  2396 | D:4      | Noticed Menkaure
  2400 | D:4      | Killed Menkaure
  2400 | D:4      | Reached skill level 7 in Axes
  2802 | D:5      | Entered Level 5 of the Dungeon
  2802 | D:5      | Found a stormy altar of Qazlal.
  2894 | D:5      | Noticed newuser's ghost (novice OgEE)
  2895 | D:5      | Noticed an ice beast
  2903 | D:5      | Reached XP level 7. HP: 37/63 MP: 6/6
  2905 | D:5      | HP: 2/63 [ice beast (10)]
  2906 | D:5      | Gained mutation: You are frail. (-10% HP) [potion of mutation]
  2906 | D:5      | Gained mutation: You evolve. [potion of mutation]
  2907 | D:5      | Reached skill level 8 in Axes
  2908 | D:5      | Succumbed to newuser's ghost's poison

Skill      XL: |  1  2  3  4  5  6  7 |
---------------+----------------------+-----
Fighting       | 4 5 6 |  6.4
Axes           | 3 4 5 6 7 8 |  8.1
Armour         | |  3.6
Shields        | |  3.6

Action                   |  1- 3 |  4- 6 |  7- 9 || total
-------------------------+-------+-------+-------++-------
Melee: War axe           |    65 |   114 |     3 ||   182
       Headbutt          |     5 |    19 |       ||    24
  Use: Potion            |     1 |     5 |     2 ||     8
       Scroll            |     1 |     7 |       ||     8
  Eat: Bread ration      |       |     1 |       ||     1
       Chunk             |       |     2 |       ||     2
Armor: Scale mail        |    38 |    56 |     6 ||   100
       Skin              |     3 |     1 |       ||     4
Dodge: Dodged            |    24 |    38 |     4 ||    66
Block: Shield            |    43 |    58 |     1 ||   102
